PBL
DETROIT RED WINGS @ YORK REVOLUTION
08/04/2047
 
TOP OF THE 1ST
Detroit Red Wings batting - Pitching for York Revolution : RHP Pablo Medina
Pitching: RHP Pablo Medina
Batting: RHB Alex Duarte 0-0: Ball
1-0: Called Strike
1-1: Fly out, F8 (Line Drive, 89S, EV 96.2 MPH)
Batting: RHB Carlos Avila 0-0: Called Strike
0-1: SINGLE (Flyball, 3D, EV 94.4 MPH)
Batting: RHB John Barton 0-0: Ball
1-0: Called Strike
1-1: Fielders Choice at 2nd, 5-4 (Groundball, 56, EV 106.9 MPH)
Batting: RHB Jorge Lebron 0-0: Ball
1-0: Ball
2-0: Ball
3-0: Called Strike
3-1: Foul Ball, location: 2F
3-2: Strikes out swinging
Top of the 1st over - 0 runs, 1 hit, 0 errors, 1 left on base; Detroit 0 - York 0
BOTTOM OF THE 1ST
York Revolution batting - Pitching for Detroit Red Wings : RHP Ross Stagg
Pitching: RHP Ross Stagg
Batting: LHB Matt Urbanek 0-0: Swinging Strike
0-1: Ball
1-1: Called Strike
1-2: SINGLE (Line Drive, 34D, EV 97.5 MPH)
Batting: RHB Juan Valadez 0-0: Ball
1-0: Ball
2-0: Called Strike
2-1: Called Strike
2-2: Grounds into double play, 6-4-3 (Groundball, 6S, EV 83.1 MPH)
Batting: RHB Chris Myers 0-0: Ball
1-0: Foul Ball, location: 2F
1-1: Ball
2-1: Fly out, F8 (Flyball, 8LS, EV 95.6 MPH)
Bottom of the 1st over - 0 runs, 1 hit, 0 errors, 0 left on base; Detroit 0 - York 0
TOP OF THE 2ND
Detroit Red Wings batting - Pitching for York Revolution : RHP Pablo Medina
Batting: SHB Isaiah Bias 0-0: Ball
1-0: Foul Ball, location: 2F
1-1: Foul Ball, location: 2F
1-2: Ball
2-2: Strikes out swinging
Batting: RHB António Scarlett 0-0: Called Strike
0-1: Ball
1-1: Ball
2-1: Called Strike
2-2: Fly out, F9 (Line Drive, 89M, EV 95.0 MPH)
Batting: LHB Simon Barry 0-0: Called Strike
0-1: Ball
1-1: Fly out, F9 (Flyball, 9, EV 86.9 MPH)
Top of the 2nd over - 0 runs, 0 hits, 0 errors, 0 left on base; Detroit 0 - York 0
BOTTOM OF THE 2ND
York Revolution batting - Pitching for Detroit Red Wings : RHP Ross Stagg
Batting: RHB Trent Hedrick 0-0: Foul Ball, location: 2F
0-1: Foul Ball, location: 2F
0-2: Ground out 5-3 (Groundball, 5, EV 85.6 MPH)
Batting: RHB Simon Mergeni 0-0: Foul Ball, location: 2F
0-1: Foul Ball, location: 2F
0-2: Ball
1-2: Ball
2-2: Ball
3-2: Foul Ball, location: 2F
3-2: Fly out, F9 (Flyball, 89M, EV 91.9 MPH)
Batting: SHB Steve DeRienzo 0-0: Ball
1-0: Called Strike
1-1: Foul Ball, location: 2F
1-2: Ball
2-2: Ball
3-2: DOUBLE (Flyball, 78XD, EV 94.4 MPH)
Batting: RHB Eddie Serna 0-0: Swinging Strike
0-1: Called Strike
0-2: Strikes out looking
Bottom of the 2nd over - 0 runs, 1 hit, 0 errors, 1 left on base; Detroit 0 - York 0
TOP OF THE 3RD
Detroit Red Wings batting - Pitching for York Revolution : RHP Pablo Medina
Batting: RHB Yankel Pensak 0-0: Ball
1-0: Foul Ball, location: 2F
1-1: Ball
2-1: Ground out 5-3 (Groundball, 5S, EV 70.6 MPH)
Batting: LHB Duda Pinho 0-0: Called Strike
0-1: Foul Ball, location: 2F
0-2: Ball
1-2: Foul Ball, location: 2F
1-2: Strikes out swinging
Batting: RHB Alex Duarte 0-0: Called Strike
0-1: Ball
1-1: Ball
2-1: Fly out, F8 (Flyball, 8LXD, EV 106.9 MPH)
Top of the 3rd over - 0 runs, 0 hits, 0 errors, 0 left on base; Detroit 0 - York 0
BOTTOM OF THE 3RD
York Revolution batting - Pitching for Detroit Red Wings : RHP Ross Stagg
Batting: RHB Tony Perez 0-0: Hit by Pitch
Batting: RHB Joel Gomez 0-0: Called Strike
0-1: Ball
1-1: Foul Ball, location: 2F
1-2: Grounds into double play, 6-4-3 (Groundball, 6, EV 89.4 MPH)
Batting: LHB Matt Urbanek 0-0: Foul Ball, location: 2F
0-1: Foul Ball, location: 2F
0-2: Ball
1-2: Ground out 4-3 (Groundball, 4S, EV 85.6 MPH)
Bottom of the 3rd over - 0 runs, 0 hits, 0 errors, 0 left on base; Detroit 0 - York 0
TOP OF THE 4TH
Detroit Red Wings batting - Pitching for York Revolution : RHP Pablo Medina
Batting: RHB Carlos Avila 0-0: Foul Ball, location: 2F
0-1: Ground out 6-3 (Groundball, 56, EV 103.1 MPH)
Batting: RHB John Barton 0-0: Ball
1-0: Ball
2-0: Ground out U3 (Groundball, 3, EV 101.9 MPH)
Batting: RHB Jorge Lebron 0-0: Swinging Strike
0-1: Called Strike
0-2: Foul Ball, location: 2F
0-2: Strikes out swinging
Top of the 4th over - 0 runs, 0 hits, 0 errors, 0 left on base; Detroit 0 - York 0
BOTTOM OF THE 4TH
York Revolution batting - Pitching for Detroit Red Wings : RHP Ross Stagg
Batting: RHB Juan Valadez 0-0: Swinging Strike
0-1: Ball
1-1: Ball
2-1: Ground out 6-3 (Groundball, 6, EV 86.9 MPH)
Batting: RHB Chris Myers 0-0: Ground out 6-3 (Groundball, 6, EV 82.5 MPH)
Batting: RHB Trent Hedrick 0-0: Ball
1-0: Ball
2-0: Hit by Pitch
Batting: RHB Simon Mergeni 0-0: Called Strike
0-1: Called Strike
0-2: Foul Ball, location: 2F
0-2: Strikes out swinging
Bottom of the 4th over - 0 runs, 0 hits, 0 errors, 1 left on base; Detroit 0 - York 0
TOP OF THE 5TH
Detroit Red Wings batting - Pitching for York Revolution : RHP Pablo Medina
Batting: SHB Isaiah Bias 0-0: Called Strike
0-1: Ball
1-1: Foul Ball, location: 2F
1-2: SINGLE (Groundball, 4MD, EV 102.5 MPH)
Batting: RHB António Scarlett 0-0: Called Strike
0-1: Swinging Strike
0-2: Ball
1-2: SINGLE (Groundball, 6S, EV 69.4 MPH) (infield hit)
Isaiah Bias to second
Batting: LHB Simon Barry 0-0: Ball
1-0: Ball
2-0: Foul Ball, location: 2F
2-1: Foul Ball, location: 2F
2-2: Ball
3-2: Foul Ball, location: 2F
3-2: Fielders Choice at 2nd, 6-4 (Groundball, 6, EV 83.8 MPH)
Isaiah Bias to third
Batting: RHB Yankel Pensak 0-0: Ball
1-0: Called Strike
1-1: Foul Ball, location: 2F
1-2: Strikes out swinging
Batting: LHB Duda Pinho 0-0: Fly out, F3 (Line Drive, 34, EV 66.9 MPH)
Top of the 5th over - 0 runs, 2 hits, 0 errors, 2 left on base; Detroit 0 - York 0
BOTTOM OF THE 5TH
York Revolution batting - Pitching for Detroit Red Wings : RHP Ross Stagg
Batting: SHB Steve DeRienzo 0-0: Foul Ball, location: 2F
0-1: Ball
1-1: Foul Ball, location: 2F
1-2: Ball
2-2: Ball
3-2: Fly out, F8 (Flyball, 78D, EV 81.2 MPH)
Batting: RHB Eddie Serna 0-0: Foul Ball, location: 2F
0-1: Foul Ball, location: 2F
0-2: Ball
1-2: Foul Ball, location: 2F
1-2: Foul Ball, location: 2F
1-2: Ball
2-2: Strikes out swinging
Batting: RHB Tony Perez 0-0: Called Strike
0-1: Called Strike
0-2: Ball
1-2: Ground out 5-3 (Groundball, 56, EV 80.0 MPH)
Bottom of the 5th over - 0 runs, 0 hits, 0 errors, 0 left on base; Detroit 0 - York 0
TOP OF THE 6TH
Detroit Red Wings batting - Pitching for York Revolution : RHP Pablo Medina
Batting: RHB Alex Duarte 0-0: Called Strike
0-1: Fly out, F8 (Flyball, 89M, EV 83.8 MPH)
Batting: RHB Carlos Avila 0-0: Ground out 5-3 (Groundball, 56S, EV 88.8 MPH)
Batting: RHB John Barton 0-0: Ball
1-0: Foul Ball, location: 2F
1-1: Ground out 6-3 (Groundball, 6, EV 89.4 MPH)
Top of the 6th over - 0 runs, 0 hits, 0 errors, 0 left on base; Detroit 0 - York 0
BOTTOM OF THE 6TH
York Revolution batting - Pitching for Detroit Red Wings : RHP Ross Stagg
Batting: RHB Joel Gomez 0-0: Called Strike
0-1: Called Strike
0-2: Strikes out swinging
Batting: LHB Matt Urbanek 0-0: Ball
1-0: Called Strike
1-1: Ball
2-1: Swinging Strike
2-2: Ball
3-2: SINGLE (Line Drive, 3D, EV 95.6 MPH)
Batting: RHB Juan Valadez 0-0: Ball
1-0: Called Strike
1-1: Ball
2-1: Foul Ball, location: 2F
2-2: Ball
3-2: SINGLE (Line Drive, 4D, EV 98.8 MPH)
Matt Urbanek to second
Batting: RHB Chris Myers 0-0: Ball
1-0: Ball
2-0: Foul Ball, location: 2F
2-1: Ball
3-1: Swinging Strike
3-2: 3-RUN HOME RUN (Line Drive, 78XD, EV 110.0 MPH), Distance : 419 ft
Batting: RHB Trent Hedrick 0-0: Called Strike
0-1: Foul Ball, location: 2F
0-2: Ball
1-2: Ground out 6-3 (Groundball, 6, EV 82.5 MPH)
Batting: RHB Simon Mergeni 0-0: Ball
1-0: Ball
2-0: Called Strike
2-1: Ball
3-1: Base on Balls
Batting: SHB Steve DeRienzo 0-0: Ball
1-0: SINGLE (Groundball, 6MD, EV 95.6 MPH)
Simon Mergeni to second
Batting: RHB Eddie Serna 0-0: Ball
1-0: Fly out, F9 (Flyball, 9S, EV 88.1 MPH)
Bottom of the 6th over - 3 runs, 4 hits, 0 errors, 2 left on base; Detroit 0 - York 3
TOP OF THE 7TH
Detroit Red Wings batting - Pitching for York Revolution : RHP Pablo Medina
Batting: RHB Jorge Lebron 0-0: Ball
1-0: Swinging Strike
1-1: Swinging Strike
1-2: Ball
2-2: Foul Ball, location: 2F
2-2: Ball
3-2: Strikes out looking
Pitching: LHP Ray Paul
Batting: SHB Isaiah Bias 0-0: Fly out, F3 (Popup, 23F, EV 86.2 MPH)
Batting: RHB António Scarlett 0-0: Ball
1-0: Foul Ball, location: 2F
1-1: Ball
2-1: Swinging Strike
2-2: Strikes out swinging
Top of the 7th over - 0 runs, 0 hits, 0 errors, 0 left on base; Detroit 0 - York 3
BOTTOM OF THE 7TH
York Revolution batting - Pitching for Detroit Red Wings : RHP Ross Stagg
Batting: RHB Tony Perez 0-0: Swinging Strike
0-1: Foul Ball, location: 2F
0-2: Ball
1-2: Fly out, F7 (Line Drive, 7, EV 92.5 MPH)
Batting: RHB Joel Gomez 0-0: Ball
1-0: Called Strike
1-1: Called Strike
1-2: Foul Ball, location: 2F
1-2: Foul Ball, location: 2F
1-2: Ground out U3 (Groundball, 34, EV 103.8 MPH)
Batting: LHB Matt Urbanek 0-0: Ground out 5-3 (Groundball, 5D, EV 108.8 MPH)
Bottom of the 7th over - 0 runs, 0 hits, 0 errors, 0 left on base; Detroit 0 - York 3
TOP OF THE 8TH
Detroit Red Wings batting - Pitching for York Revolution : LHP Ray Paul
Pinch Hitting: LHB Iestyn Peacock 0-0: Ball
1-0: Ball
2-0: Ball
3-0: Base on Balls
Batting: RHB Yankel Pensak 0-0: Ball
1-0: Ball
2-0: Ball
3-0: Called Strike
3-1: Ground out 5-3 (Groundball, 5S, EV 63.8 MPH)
Iestyn Peacock to second
Batting: LHB Duda Pinho 0-0: Ball
1-0: Foul Ball, location: 2F
1-1: Ball
2-1: Ball
3-1: Base on Balls
Batting: RHB Alex Duarte 0-0: Reached on error, E5 (Groundball, 5D, EV 100.0 MPH)
Iestyn Peacock to third
Duda Pinho to second
Pinch Hitting: RHB Yuusou Honda 0-0: Ball
1-0: Called Strike
1-1: Swinging Strike
1-2: Strikes out swinging
Batting: RHB John Barton 0-0: Called Strike
0-1: Ball
1-1: Called Strike
1-2: Fly out, F9 (Flyball, 9D, EV 76.9 MPH)
Top of the 8th over - 0 runs, 0 hits, 1 error, 3 left on base; Detroit 0 - York 3
BOTTOM OF THE 8TH
York Revolution batting - Pitching for Detroit Red Wings : RHP Ross Stagg
Pitching: RHP Ramiro Silva
Now at 1B: Franklin Garza
Now at 2B: Yankel Pensak
Now at 3B: Roderick Speed
Batting: RHB Juan Valadez 0-0: Called Strike
0-1: Ball
1-1: Ball
2-1: Ground out 1-3 (Groundball, 13, EV 70.0 MPH)
Batting: RHB Chris Myers 0-0: Ball
1-0: Ball
2-0: Foul Ball, location: 2F
2-1: Swinging Strike
2-2: Strikes out swinging
Batting: RHB Trent Hedrick 0-0: Ball
1-0: Called Strike
1-1: Called Strike
1-2: Strikes out swinging
Bottom of the 8th over - 0 runs, 0 hits, 0 errors, 0 left on base; Detroit 0 - York 3
TOP OF THE 9TH
Detroit Red Wings batting - Pitching for York Revolution : LHP Ray Paul
Pitching: RHP Bobby Acevedo
Batting: RHB Jorge Lebron 0-0: Ball
1-0: Called Strike
1-1: Ball
2-1: Ball
3-1: Ground out 1-3 (Groundball, 13, EV 61.2 MPH)
Batting: SHB Isaiah Bias 0-0: Ball
1-0: Called Strike
1-1: Swinging Strike
1-2: Ball
2-2: Foul Ball, location: 2F
2-2: Ground out U3 (Groundball, 23, EV 85.6 MPH)
Batting: RHB António Scarlett 0-0: Ball
1-0: Called Strike
1-1: Swinging Strike
1-2: Foul Ball, location: 2F
1-2: Ball
2-2: Foul Ball, location: 2F
2-2: Strikes out swinging
Top of the 9th over - 0 runs, 0 hits, 0 errors, 0 left on base; Detroit 0 - York 3
Thursday, December 15th , 2022 - OOTP Baseball 23.9 Build 102